 Dungeon Crawl Stone Soup version 0.22.1-1-ga44c0e56f4 (webtiles) character file.

4011 Kohma the Basher (level 10, -6/66 HPs)
             Began as a Gargoyle Berserker on Oct 15, 2018.
             Was a High Priest of Trog.
             Killed from afar by a wizard (27 damage)
             ... with a stone arrow
             ... on level 9 of the Dungeon.
             The game lasted 00:30:33 (7239 turns).

Kohma the Basher (Gargoyle Berserker)               Turns: 7239, Time: 00:30:35

Health: -6/66      AC: 28    Str: 25    XL:     10   Next: 23%
Magic:  10/10      EV:  9    Int: 15    God:    Trog [*****.]
Gold:   405        SH:  0    Dex:  9    Spells: 9/9 levels left

rFire    + . .     SeeInvis .   a - +2 flail (holy)
rCold    x . .     Gourm    .   (no shield)
rNeg     + . .     Faith    .   d - +7 chain mail "Gokhlor" {rPois rF+ rC-}
rPois    ∞         Spirit   .   r - +0 helmet
rElec    +         Reflect  .   (no cloak)
rCorr    +         Harm     .   g - +1 pair of gloves
MR       ++...                  (no boots)
Stlth    ..........             (no amulet)
HPRegen  1.21/turn              x - ring of Agnosticism {rCorr Int+8}
MPRegen  0.12/turn              (no ring)

@: berserk cooldown, regenerating, slowed, very slow
A: negative energy resistance 1, electricity resistance, unbreathing,
petrification resistance, rot immunity, AC +7
a: Berserk, Trog's Hand, Brothers in Arms, Renounce Religion


You were on level 9 of the Dungeon.
You worshipped Trog.
Trog was extremely pleased with you.
You were near starving.

You visited 2 branches of the dungeon, and saw 10 of its levels.
You also visited: Sewer.

You collected 405 gold pieces.

Inventory:

Hand Weapons
 a - a +2 flail of holy wrath (weapon)
 b - a +2 whip of electrocution
 q - a cursed +4 dire flail
Missiles
 e - 213 stones
 w - 8 javelins
 y - 3 throwing nets (quivered)
Armour
 d - the +7 chain mail "Gokhlor" (worn) {rPois rF+ rC-}
   (You found it on level 4 of the Dungeon)

   It protects you from fire.
   It makes you vulnerable to cold.
   It protects you from poison.
 g - a +1 pair of gloves (worn)
 m - a +0 chain mail
 r - a +0 helmet (worn)
 B - a +1 pair of gloves
Jewellery
 x - the ring of Agnosticism (left hand) {rCorr Int+8}
   (You found it on level 7 of the Dungeon)

   [ring of resist corrosion]

   It affects your intelligence (+8).
 z - a cursed ring of teleportation {unknown}
 A - a +3 ring of protection {unknown}
Wands
 t - a wand of iceblast (8)
 C - a wand of disintegration (20)
 E - a wand of scattershot (5)
 G - a wand of flame (29)
Scrolls
 j - 3 scrolls of teleportation
 k - 4 scrolls of fog
 l - 2 scrolls of blinking
Potions
 f - 8 potions of curing
 h - a potion of flight
 i - 2 potions of haste
 n - 2 potions of heal wounds
 o - a potion of mutation
 p - 2 potions of ambrosia {unknown}
 s - a potion of might
 u - a potion of resistance
 v - a potion of lignification {unknown}
Comestibles
 c - 14 rations


   Skills:
 + Level 9.1 Fighting
 * Level 10.4 Maces & Flails
 + Level 8.0 Armour
 - Level 1.5 Dodging


You had 9 spell levels left.
You didn't know any spells.
Your spell library was empty.

Dungeon Overview and Level Annotations

Branches:
Dungeon (9/15)             Temple (1/1) D:4
   Lair: D:8-11         Orc: D:9-12

Altars:
Ashenzari
Cheibriados
Dithmenos
Elyvilon
Fedhas
Gozag
Hepliaklqana
Kikubaaqudgha
Makhleb
Nemelex Xobeh
Okawaru
Qazlal
Ru
Sif Muna
Trog
Uskayaw
Vehumet
Wu Jian
Xom
Yredelemnul
Zin
The Shining One

Annotations:
D:4 1 exclusion


Innate Abilities, Weirdness & Mutations

You are resistant to torment.
Your stone body is resilient. (AC +7)
You are immune to poison.
You resist negative energy. (rN+)
You are resistant to electric shocks. (rElec)
You can survive without breathing.
You are immune to petrification.
You are immune to rotting.


Message History

The bullfrog hits you but does no damage.
You barely miss something. The bullfrog misses you.
You closely miss something.
You hear some strange, mumbled words.
Something tries to affect you, but you resist.
You miss something. The bullfrog completely misses you.
Something hits you but does no damage.
You bludgeon something!! The bullfrog closely misses you.
You miss something. The bullfrog barely misses you.
Something hits you but does no damage.
Your chain mail "Gokhlor" prevents you from hitting something.
The bullfrog closely misses you.
You miss something.
You are no longer berserk.
You are exhausted.
You feel yourself slow down.
You hear some strange, mumbled words.
A stone arrow appears from out of thin air!
The stone arrow hits you!
You die...

#.....<...###
#.............
#.............
#.............
##+##+#.......^.....
....................
#...................
#.......#########..(
#.......@{# ..
#........F.#
#..........#
#............
#..........#..#
#..........#..#
..........## ..#
........### .)


You could see a bullfrog.

Vanquished Creatures
  Pikel (D:6)
  A troll (D:9)
  A hippogriff (D:8)
  A spriggan (D:7)
  An orc warrior (D:8)
  5 ogres
  A phantom (D:7)
  A big kobold (Sewer)
  4 bullfrogs
  A gnoll sergeant (D:3)
  A scorpion (D:5)
  3 wights (D:8)
  6 killer bees (D:8)
  2 howler monkeys
  4 crimson imps
  A quasit (D:6)
  A centaur zombie (D:5)
  4 hounds
  2 jellies (D:8)
  3 gnoll shamans (D:3)
  3 orc priests
  3 orc wizards (D:3)
  5 worker ants
  2 iguanas (D:8)
  2 ogre zombies (D:5)
  A hound zombie (D:5)
  A howler monkey zombie (D:5)
  Robin (D:2)
  36 gnolls
  A gnoll zombie (D:5)
  2 river rats (Sewer)
  10 adders
  4 shadow imps
  5 adder skeletons
  3 worms
  3 dart slugs
  6 leopard geckos
  22 orcs
  A ball python (D:1)
  A bat zombie (D:2)
  A giant cockroach (D:8)
  10 hobgoblins
  23 jackals
  2 quokkas
  5 bats
  4 frilled lizards
  9 goblins
  7 kobolds
  7 rats
  A rat zombie (D:2)
225 creatures vanquished.

Vanquished Creatures (others)
  An orc (D:6)
  A giant cockroach (D:6)
2 creatures vanquished.

Grand Total: 227 creatures vanquished

Notes
Turn   | Place    | Note
-------+----------+-------------------------------------------
     0 | D:1      | Kohma the Gargoyle Berserker began the quest for the Orb.
     0 | D:1      | Reached XP level 1. HP: 14/14 MP: 1/1
   306 | D:1      | Reached XP level 2. HP: 19/19 MP: 2/2
   701 | D:1      | Reached XP level 3. HP: 16/24 MP: 3/3
  1076 | D:2      | Found an ancient bone altar of Kikubaaqudgha.
  1214 | D:2      | Reached ** piety under Trog
  1336 | D:2      | Reached XP level 4. HP: 24/29 MP: 4/4
  1404 | D:2      | Noticed Robin
  1415 | D:2      | Killed Robin
  1419 | D:2      | Reached skill level 4 in Maces & Flails
  1701 | D:3      | Reached XP level 5. HP: 34/34 MP: 5/5
  2004 | D:3      | Reached skill level 5 in Fighting
  2028 | D:3      | Reached XP level 6. HP: 37/40 MP: 6/6
  2132 | D:3      | Found a snail-covered altar of Cheibriados.
  2270 | D:3      | Reached *** piety under Trog
  2490 | D:3      | Reached skill level 5 in Maces & Flails
  2633 | D:2      | HP: 1/41 [gnoll/halberd (4)]
  2959 | D:3      | Reached XP level 7. HP: 45/45 MP: 7/7
  3279 | D:3      | Reached skill level 6 in Maces & Flails
  3656 | D:4      | Reached XP level 8. HP: 50/52 MP: 8/8
  3691 | D:4      | Reached skill level 5 in Armour
  3704 | D:4      | Found a staircase to the Ecumenical Temple.
  3749 | D:4      | Found a glowing drain.
  3766 | Sewer    | Entered a sewer
  3771 | Sewer    | Reached **** piety under Trog
  3883 | Sewer    | Found a white marble altar of Elyvilon.
  4033 | D:4      | Found a bloodstained altar of Trog.
  4058 | Temple   | Entered the Ecumenical Temple
  4187 | D:4      | Got a dazzling chain mail
  4238 | D:4      | Found a stormy altar of Qazlal.
  4243 | D:4      | Reached skill level 7 in Maces & Flails
  4477 | D:5      | Entered Level 5 of the Dungeon
  4489 | D:5      | Identified the +7 chain mail "Gokhlor" {rPois rF+ rC-} (You
                  | found it on level 4 of the Dungeon)
  4752 | D:5      | Found a transporter.
  4769 | D:5      | Found a transporter.
  5271 | D:6      | Noticed Pikel
  5294 | D:6      | Killed Pikel
  5294 | D:6      | Reached skill level 8 in Maces & Flails
  5294 | D:6      | Reached XP level 9. HP: 26/59 MP: 9/9
  5517 | D:6      | Found a deep blue altar of Sif Muna.
  6100 | D:7      | Got a heavily runed jade ring
  6234 | D:7      | Reached skill level 9 in Maces & Flails
  6552 | D:8      | Found a shattered altar of Ashenzari.
  6605 | D:8      | Reached ***** piety under Trog
  6638 | D:8      | Reached skill level 10 in Maces & Flails
  6638 | D:8      | Reached XP level 10. HP: 65/65 MP: 10/10
  6654 | D:8      | Found a hide-covered altar of Uskayaw.
  6757 | D:8      | Found an ornate altar of the Wu Jian Council.
  7013 | D:8      | Identified the ring of Agnosticism {rCorr Int+8} (You found
                  | it on level 7 of the Dungeon)
  7213 | D:9      | Noticed a wizard
  7239 | D:9      | Killed from afar by a wizard

Skill      XL: |  1  2  3  4  5  6  7  8  9 10 |
---------------+-------------------------------+-----
Fighting       | 4 5 6 7 8 9 |  9.1
Maces & Flails | 4 5 6 8 10 | 10.4
Armour         | 3 4 6 7 8 |  8.0
Dodging        | |  1.5

Action                   |  1- 3 |  4- 6 |  7- 9 | 10-12 || total
-------------------------+-------+-------+-------+-------++-------
Melee: Mace              |   119 |   264 |       |       ||   383
       Flail             |       |     4 |   420 |    69 ||   493
       Whip              |       |       |     2 |       ||     2
Invok: Berserk           |       |     4 |     4 |     1 ||     9
       Trog's Hand       |       |     1 |     2 |     1 ||     4
  Use: Scroll            |       |       |    16 |     3 ||    19
       Potion            |       |       |     1 |       ||     1
  Eat: Chunk             |     1 |     8 |    11 |     3 ||    23
       Ration            |       |     2 |       |       ||     2
Armor: Animal skin       |    17 |       |       |       ||    17
       Chain mail        |    88 |   278 |   372 |    50 ||   788
Dodge: Dodged            |   103 |   190 |   223 |    31 ||   547
